Map: Bridgehead LE (Void)

Players

KiFirE - Winner!

  • Race: Protoss Protoss
  • League: Master

jacob

  • Race: Zerg Zerg
  • League: Grandmaster

Event: Lycan League Weekly August #3

VOD

Have the link to the VOD?

Description

Time

  • Played on: Aug. 17, 2015, 12:19 p.m.
  • Length: 10:50
Show
View Real Time Build Order
Export as new Build Order

KiFirE Protoss - Winner!

Build Orders: Oracle Opening 

Get SALT Encoding   

  12  0:00  Probe  
  13  0:16  Pylon  
  13  0:17  Probe  
  14  0:34  Probe (Chrono Boost), Gateway  
  15  0:45  Probe (Chrono Boost)  
  15  0:46  Assimilator  
  16  0:52  Probe (Chrono Boost)  
  17  1:03  Probe (Chrono Boost)  
  18  1:05  Assimilator  
  18  1:15  Probe (Chrono Boost)  
  19  1:22  Probe (Chrono Boost)  
  19  1:24  Cybernetics Core  
  21  1:32  Probe (Chrono Boost)  
  21  1:43  Pylon  
  21  1:44  Probe (Chrono Boost)  
  22  2:02  Stargate  
  22  2:03  Adept  
  22  2:04  Warp Gate  
  22  2:06  Probe  
  25  2:15  Pylon  
  25  2:18  Probe (Chrono Boost)  
  26  2:28  Probe (Chrono Boost)  
  27  2:36  Mothership Core (Chrono Boost)  
  29  2:47  Oracle  
  32  3:01  Nexus  
  31  3:17  Stalker (Chrono Boost)  
  33  3:31  Gateway  
  33  3:32  Probe  
  34  3:44  Probe  
  34  3:47  Gateway  
  35  3:56  Probe  
  36  4:08  Probe (Chrono Boost)  
  37  4:12  Pylon  
  38  4:19  Probe x2 (Chrono Boost)  
  38  4:24  Forge  
  39  4:27  Probe (Chrono Boost), Robotics Facility  
  40  4:31  Probe (Chrono Boost)  
  42  4:41  Probe x2 (Chrono Boost)  
  42  4:44  Void Ray (Chrono Boost)  
  47  4:49  Adept  
  49  4:56  Pylon  
  49  5:01  Probe (Chrono Boost)  
  51  5:07  Probe (Chrono Boost)  
  51  5:11  Probe (Chrono Boost)  
  54  5:14  Probe (Chrono Boost), Observer  
  54  5:15  Sentry  
  54  5:17  Adept x2  
  54  5:18  Probe (Chrono Boost)  
  61  5:28  Protoss Ground Armor Level 1 (Chrono Boost)  
  62  5:30  Probe (Chrono Boost)  
  62  5:31  Probe (Chrono Boost), Pylon  
  63  5:38  Probe (Chrono Boost), Assimilator  
  63  5:39  Probe (Chrono Boost)  
  63  5:41  Assimilator  
  63  5:42  Adept  
  67  5:49  Robotics Bay  
  67  5:58  Adept x2  
  68  6:18  Adept  
  68  6:22  Probe (Chrono Boost)  
  72  6:28  Probe (Chrono Boost), Photon Cannon  
  72  6:29  Photon Cannon  
  72  6:31  Pylon  
  72  6:36  Adept x2  
  74  6:41  Photon Cannon  
  74  6:51  Probe (Chrono Boost)  
  76  6:55  Adept  
  76  6:57  Probe (Chrono Boost)  
  76  6:58  Warp Prism  
  76  7:00  Gravitic Drive  
  80  7:02  Sentry  
  80  7:05  Probe (Chrono Boost)  
  81  7:10  Sentry  
  83  7:21  Protoss Ground Weapons Level 1 (Chrono Boost)  
  82  7:25  Probe (Chrono Boost)  
  84  7:30  Probe (Chrono Boost), Pylon  
  84  7:32  Pylon  
  84  7:33  Gateway  
  84  7:36  Gateway  
  84  7:39  Gateway  
  84  7:40  Pylon  
  87  7:54  Adept x3, Pylon  
  87  7:55  Disruptor (Chrono Boost), Pylon  
  93  7:58  Extended Thermal Lance  
  93  8:00  Probe (Chrono Boost)  
  95  8:06  Probe (Chrono Boost)  
  95  8:07  Twilight Council  
  95  8:09  Probe (Chrono Boost)  
  96  8:23  Probe x2  
  96  8:24  Pylon  
  104  8:27  Colossus (Chrono Boost)  
  104  8:35  Nexus  
  104  8:38  Pylon  
  104  8:46  Probe x2  
  106  8:57  Stalker x3  
  106  8:59  Photon Cannon  
  106  9:01  Photon Cannon  
  112  9:05  Photon Cannon  
  112  9:07  Pylon  
  112  9:10  Gateway x2  
  112  9:13  Gateway  
  115  9:17  Disruptor (Chrono Boost)  
  115  9:46  Probe x2  
  115  9:52  Assimilator  
  117  9:56  Stalker, Assimilator  
  117  9:57  Stalker x4  
  117  9:58  Stalker  
  132  10:02  Disruptor (Chrono Boost)  
  132  10:04  Probe x3  
  135  10:07  Disruptor  
  135  10:24  Adept x6  
Show
View Real Time Build Order
Export as new Build Order

jacob Zerg 

Build Orders: Pool First 

Get SALT Encoding   

  12  0:01  Drone  
  13  0:09  Drone  
  14  0:14  Extractor  
  14  0:19  Overlord  
  13  0:24  Drone  
  14  0:41  Spawning Pool  
  13  0:48  Drone  
  14  0:50  Drone  
  15  1:28  Zergling x2  
  15  1:29  Zergling x4  
  18  1:43  Hatchery  
  17  1:48  Zergling x2  
  17  1:50  Queen  
  20  1:56  Drone  
  21  2:16  Metabolic Boost  
  21  2:19  Drone  
  21  2:20  Overlord  
  22  2:36  Overlord  
  22  2:46  Drone  
  22  2:47  Drone  
  24  2:58  Queen  
  24  3:37  Spore Crawler  
  24  3:39  Hatchery  
  18  4:08  Overlord x2  
  18  4:09  Queen  
  19  4:12  Drone x3  
  22  4:21  Drone  
  22  4:22  Drone x5  
  28  4:25  Extractor  
  28  4:26  Drone  
  28  4:36  Spore Crawler  
  27  4:38  Spore Crawler  
  26  4:46  Spore Crawler  
  25  4:55  Drone x2  
  27  5:00  Lair  
  27  5:13  Drone  
  30  5:14  Drone x3  
  31  5:30  Zergling x2  
  31  5:31  Zergling x8  
  31  5:32  Zergling x2  
  31  5:34  Zergling x2  
  38  5:43  Zergling x2  
  38  5:44  Zergling x6  
  42  6:00  Zergling x2  
  42  6:01  Zergling x8  
  45  6:46  Hatchery  
  42  6:51  Zergling x8  
  32  7:39  Zergling x2  
  32  7:40  Zergling x6  
  35  8:06  Spine Crawler  
  34  8:24  Spawning Pool  
  33  9:15  Spore Crawler  
  33  9:16  Spore Crawler, Spine Crawler  
  30  9:17  Spore Crawler  
  30  9:18  Spine Crawler  
  30  9:19  Spine Crawler  
  27  9:39  Spine Crawler  
  27  9:40  Spine Crawler  
  25  10:08  Spine Crawler  
  25  10:12  Spine Crawler  
  24  10:20  Spine Crawler  

Tags
 
Add a new tag
Caveats
  • Supply blocks, unpowered buildings, or Contaminate may cause inaccurate times.
  • Supply counts are checked every 10 seconds.